Map: Acid Plant LE

Players

TRUE

  • Race: Zerg Zerg
  • Spawn Location: 11:00

HeroMarine - Winner!

  • Race: Terran Terran
  • Spawn Location: 5:00

Event: WCS Montreal 2018

VOD

Have the link to the VOD?

Description

Time

  • Played on: Sept. 7, 2018, 10:48 p.m.
  • Length: 10:44

All games in this series

Show
View Real Time Build Order
Export as new Build Order

TRUE Zerg 

Build Orders: Hatch First 

Get SALT Encoding   

  12  0:00  Drone  
  13  0:12  Overlord  
  13  0:16  Drone  
  14  0:30  Drone x2  
  14  0:35  Drone  
  17  0:52  Hatchery  
  17  0:54  Drone  
  17  1:07  Spawning Pool  
  16  1:11  Drone  
  16  1:15  Extractor  
  16  1:16  Drone  
  17  1:20  Drone  
  18  1:28  Drone  
  19  1:38  Overlord  
  19  1:54  Queen  
  19  1:55  Zergling x2  
  19  1:59  Zergling x2  
  23  2:03  Queen  
  23  2:04  Zergling x2  
  26  2:11  Drone  
  26  2:14  Drone  
  28  2:21  Drone  
  29  2:26  Drone  
  29  2:29  Metabolic Boost, Queen  
  30  2:32  Drone  
  30  2:35  Drone  
  34  2:42  Drone  
  35  2:47  Overlord  
  35  2:54  Drone  
  36  3:06  Hatchery  
  36  3:07  Drone  
  36  3:08  Drone x3  
  36  3:11  Drone  
  40  3:13  Drone  
  40  3:18  Overlord  
  41  3:25  Drone  
  42  3:29  Drone  
  42  3:30  Evolution Chamber  
  42  3:32  Drone  
  43  3:35  Drone  
  43  3:37  Drone x2  
  43  3:38  Queen  
  48  3:42  Overlord  
  48  3:44  Drone  
  48  3:45  Drone  
  48  3:47  Drone  
  51  3:50  Drone  
  52  4:00  Drone x2  
  52  4:01  Zerg Ground Armor Level 1  
  52  4:02  Queen  
  54  4:09  Drone x2  
  58  4:10  Zergling x4  
  58  4:11  Overlord  
  58  4:15  Overlord  
  60  4:18  Zergling x2  
  60  4:19  Zergling x2  
  60  4:21  Zergling x4  
  60  4:23  Zergling x2  
  65  4:27  Zergling x2  
  65  4:30  Zergling x2  
  67  4:34  Overlord  
  67  4:38  Zergling x4  
  69  4:39  Zergling x4  
  69  4:40  Zergling x2  
  69  4:42  Zergling x6  
  75  4:55  Drone  
  75  4:57  Spore Crawler  
  75  5:05  Drone x4  
  75  5:06  Drone x3  
  82  5:10  Lair  
  82  5:12  Evolution Chamber  
  82  5:13  Zergling x6  
  84  5:15  Zergling x8  
  84  5:17  Zergling x2  
  84  5:20  Zergling x2  
  83  5:28  Zergling x4  
  83  5:29  Zergling x8  
  83  5:32  Zergling x2  
  73  5:36  Zergling x2  
  73  5:42  Queen  
  73  5:43  Queen  
  73  5:44  Zerg Melee Weapons Level 1  
  73  5:48  Baneling Nest, Zergling x8  
  73  5:49  Zergling x4  
  80  5:53  Zergling x2  
  83  5:57  Drone x3  
  83  6:01  Extractor, Drone x2  
  83  6:03  Extractor  
  83  6:04  Drone  
  85  6:12  Drone x2  
  85  6:15  Drone  
  83  6:35  Drone x2  
  83  6:36  Drone x9  
  88  6:41  Centrifical Hooks  
  88  6:43  Zergling x2  
  88  6:44  Hatchery  
  88  6:45  Extractor  
  88  6:47  Zergling x6  
  88  6:53  Overlord  
  90  6:54  Overlord, Burrow  
  90  6:55  Overlord, Hatchery  
  90  6:57  Overlord  
  90  6:59  Overlord  
  90  7:00  Zergling x2  
  90  7:05  Overlord  
  90  7:07  Overlord  
  90  7:11  Overlord  
  90  7:12  Zerg Ground Armor Level 2, Zergling x8  
  94  7:15  Zergling x2  
  94  7:16  Zergling x4  
  96  7:25  Drone x4  
  96  7:27  Extractor  
  99  7:30  Hydralisk Den  
  99  7:35  Zergling x10  
  99  7:36  Zergling x2  
  104  7:37  Zergling x2  
  104  7:40  Zerg Missile Weapons Level 1, Baneling  
  104  7:41  Baneling x2  
  105  7:46  Drone  
  105  7:47  Drone x4  
  105  7:48  Baneling x3, Zergling x2  
  105  7:49  Queen  
  105  7:50  Zergling x2  
  105  7:51  Zergling x4  
  116  7:54  Baneling x3  
  116  7:55  Baneling, Zergling x2  
  116  7:56  Zergling x4  
  116  7:57  Baneling, Zergling x4  
  121  7:59  Zergling x2  
  121  8:01  Zergling x2  
  121  8:04  Zergling x2  
  126  8:05  Baneling  
  126  8:06  Baneling x3  
  126  8:07  Zergling x4  
  126  8:10  Zergling x2  
  126  8:11  Zergling x2  
  129  8:15  Zergling x2  
  129  8:16  Zergling x4  
  129  8:17  Zergling x2  
  129  8:19  Zergling x4  
  122  8:20  Zergling x4  
  122  8:22  Zergling x4  
  122  8:23  Zergling x2  
  122  8:24  Zergling x2  
  122  8:25  Zergling x4  
  109  8:28  Zergling x2  
  99  8:34  Zergling x6  
  99  8:36  Hydralisk  
  99  8:37  Grooved Spines  
  99  8:39  Hydralisk  
  99  8:40  Hydralisk  
  99  8:41  Hydralisk x2  
  99  8:42  Hydralisk  
  99  8:43  Hydralisk  
  99  8:46  Hydralisk  
  99  8:48  Hydralisk  
  108  8:49  Hydralisk  
  108  8:52  Hydralisk  
  114  8:59  Hatchery  
  114  9:00  Baneling x4  
  113  9:11  Drone  
  113  9:13  Extractor  
  106  9:19  Zergling x16  
  106  9:20  Zergling x16  
  106  9:21  Hydralisk  
  122  9:24  Hydralisk  
  122  9:25  Hydralisk  
  122  9:28  Zergling x2  
  122  9:29  Zergling x2  
  128  9:31  Zergling x4  
  128  9:34  Hydralisk  
  128  9:37  Hydralisk  
  134  9:39  Hydralisk  
  134  9:40  Hydralisk  
  134  9:43  Hydralisk  
  137  9:45  Hydralisk  
  137  9:49  Hydralisk  
  137  9:50  Zergling x4  
  142  9:53  Zergling x4  
  142  9:56  Baneling x3  
  142  10:01  Zergling x4  
  142  10:03  Zergling x2  
  142  10:04  Zergling x4  
  142  10:05  Zergling x4  
  142  10:06  Zergling x2  
  130  10:07  Zergling x2  
  130  10:10  Zergling x8  
  130  10:13  Zergling x2  
  104  10:14  Zergling x2  
  104  10:15  Zergling x2  
  104  10:18  Zergling x2  
  94  10:23  Zergling x2  
  94  10:24  Zergling x2  
Show
View Real Time Build Order
Export as new Build Order

HeroMarine Terran - Winner!

Build Orders: Mech 

Get SALT Encoding   

  12  0:00  SCV  
  13  0:12  SCV  
  14  0:16  Supply Depot  
  14  0:24  SCV  
  15  0:38  SCV  
  15  0:40  Barracks  
  16  0:43  Refinery  
  16  0:50  SCV  
  17  1:02  SCV  
  18  1:14  SCV  
  19  1:26  Barracks Reactor  
  19  1:27  Orbital Command  
  19  1:40  Command Center  
  19  1:48  Supply Depot  
  19  1:52  SCV  
  20  2:04  SCV  
  20  2:05  Refinery  
  21  2:08  Factory  
  21  2:11  Marine  
  21  2:13  Marine  
  23  2:16  SCV  
  24  2:28  SCV, Marine  
  26  2:31  Marine  
  27  2:41  SCV  
  30  2:51  Starport  
  30  2:52  Factory Reactor  
  30  2:53  SCV  
  30  2:54  Orbital Command  
  30  2:55  Marine  
  30  2:57  Marine  
  31  3:05  SCV  
  32  3:13  Marine  
  32  3:15  Supply Depot, Marine  
  32  3:17  SCV  
  35  3:20  SCV  
  36  3:30  Marine  
  36  3:33  Marine  
  40  3:36  Medivac  
  40  3:37  Supply Depot  
  40  3:38  Medivac  
  40  3:39  SCV x2  
  40  3:41  Widow Mine  
  46  3:48  Marine  
  46  3:50  Marine  
  46  3:51  SCV x2  
  50  4:03  SCV x2  
  50  4:06  Marine  
  50  4:08  Marine  
  54  4:15  Hellion x2, SCV x2, Medivac  
  62  4:17  Armory  
  62  4:24  Supply Depot, Marine  
  62  4:26  Marine  
  62  4:29  SCV x2  
  65  4:35  Liberator  
  65  4:38  Hellion x2  
  68  4:51  Marine x2  
  73  4:59  Hellion x2  
  75  5:04  Supply Depot, SCV x2  
  77  5:08  Supply Depot  
  77  5:12  Marine  
  78  5:17  SCV x2, Marine  
  78  5:21  Command Center  
  80  5:29  SCV  
  80  5:30  Hellion x2  
  80  5:33  SCV  
  71  5:41  SCV  
  66  5:45  SCV  
  66  5:47  Factory  
  66  5:48  Refinery, Factory  
  67  5:53  Refinery, SCV  
  67  5:54  Terran Vehicle Weapons Level 1  
  68  6:00  SCV  
  69  6:05  SCV, Hellion x2  
  74  6:13  SCV  
  74  6:18  SCV  
  76  6:21  Barracks Tech Lab  
  76  6:25  SCV  
  77  6:26  Hellion  
  77  6:27  Hellion  
  77  6:30  SCV  
  80  6:37  SCV  
  80  6:38  Factory Tech Lab  
  78  6:40  Factory  
  78  6:41  Factory  
  78  6:42  SCV  
  75  6:47  Thor  
  75  6:49  SCV  
  82  6:54  SCV  
  82  6:57  Thor  
  82  6:58  Refinery  
  82  6:59  Medivac  
  92  7:01  Refinery, SCV  
  92  7:06  SCV  
  92  7:07  Orbital Command  
  93  7:13  SCV  
  93  7:15  Hellion  
  96  7:16  Hellion  
  96  7:17  Barracks Reactor  
  96  7:19  SCV  
  99  7:25  Hellion x3, SCV, Factory Tech Lab  
  99  7:26  Hellion  
  102  7:31  Supply Depot, SCV  
  102  7:32  Supply Depot  
  102  7:34  SCV  
  104  7:37  SCV  
  104  7:38  Siege Tank  
  104  7:39  Infernal Pre-Igniter  
  104  7:40  Siege Tank  
  104  7:43  SCV  
  112  7:46  SCV  
  112  7:49  SCV  
  114  7:52  Supply Depot x2  
  114  7:53  Hellion x2  
  114  7:55  SCV  
  114  7:56  Siege Tank  
  114  7:58  SCV  
  123  8:00  Supply Depot  
  123  8:02  Hellion x2  
  127  8:10  Siege Tank  
  133  8:12  Siege Tank  
  133  8:15  SCV x2, Hellion x2  
  133  8:17  SCV  
  132  8:27  SCV x2  
  132  8:29  Siege Tank  
  132  8:30  SCV  
  135  8:34  Hellion  
  135  8:36  Hellion x2  
  135  8:38  Hellion  
  143  8:42  Siege Tank  
  144  8:51  Siege Tank  
  144  8:54  Supply Depot  
  144  8:55  Supply Depot, Factory  
  147  9:01  Siege Tank, Hellion x2  
  147  9:02  Hellion x2  
  158  9:14  Cyclone  
  155  9:22  Cyclone  
  155  9:23  Cyclone  
  159  9:24  Hellion x3  
  161  9:33  Hellion  
  161  9:37  Supply Depot  
  167  9:45  Hellion  
  167  9:46  Cyclone, Hellion x2  
  167  9:48  Cyclone x2  
  176  9:54  Cyclone  
  176  9:55  Hellion  
  176  9:56  Hellion  
  176  10:06  Cyclone  
  176  10:07  Cyclone  
  169  10:09  Cyclone  
  164  10:18  Hellion  
  164  10:19  Hellion  
  164  10:20  Hellion  
  170  10:23  Command Center  
Tags
 
Composition
Mech
Matchup
TvZ
Spawn Locations
Cross Positions
Add a new tag
Caveats
  • Supply blocks, unpowered buildings, or Contaminate may cause inaccurate times.
  • Supply counts are checked every 10 seconds.